 Dungeon Crawl Stone Soup version 0.27.1-33-g824d729ab1 (webtiles) character file.

Game seed: 11764063842986248756

324 daervis the Chopper (level 6, -3/39 HPs)
             Began as a Gargoyle Berserker on Dec 17, 2021.
             Was a Believer of Trog.
             Splashed by a jelly's acid (4 damage)
             ... on level 3 of the Dungeon.
             The game lasted 00:19:33 (3885 turns).

daervis the Chopper (Gargoyle Berserker)            Turns: 3885, Time: 00:19:34

Health: -3/39      AC:  7    Str: 22    XL:     6   Next: 48%
Magic:  6/6        EV:  8    Int:  8    God:    Trog [**....]
Gold:   108        SH:  8    Dex:  9    Spells: 5/5 levels left

rFire    . . .     SeeInvis .   q - +3 mace
rCold    . . .     Faith    .   f - +0 kite shield
rNeg     + . .     Spirit   .   l - +0 ring mail
rPois    ∞         Reflect  .   (no helmet)
rElec    +         Harm     .   p - +0 cloak
rCorr    .         Rampage  .   (no gloves)
Will     .....                  (no boots)
Stlth    +.........             (no amulet)
HPRegen  0.13/turn              (no ring)
MPRegen  0.10/turn              (no ring)

@: corroded
A: sickness immunity, AC +4, negative energy resistance 1, electricity
resistance, torment resistance 1, petrification resistance
a: Renounce Religion, Berserk, Trog's Hand


You were on level 3 of the Dungeon.
You worshipped Trog.
Trog was pleased with you.
You visited 1 branch of the dungeon, and saw 4 of its levels.

You collected 108 gold pieces.

Inventory:

Hand Weapons
 a - a +0 hand axe
 m - a +0 dagger
 q - a +3 mace (weapon)
Armour
 b - a +0 animal skin
 f - a +0 kite shield (worn)
 l - a +0 ring mail (worn)
 p - a +0 cloak (worn)
Jewellery
 h - an amulet of magic regeneration
Scrolls
 c - a scroll of enchant weapon {unknown}
 e - a scroll of identify {unknown}
 j - a scroll of teleportation {unknown}
 k - a scroll of fear {unknown}
 n - a scroll of amnesia {unknown}
Potions
 d - 2 potions of ambrosia {unknown}
 g - a potion of haste {unknown}
 i - 2 potions of degeneration {unknown}
 o - a potion of curing {unknown}


   Skills:
 + Level 4.4 Fighting
 + Level 4.9 Axes
 + Level 3.6 Armour
 - Level 1.5 Dodging
 + Level 0.5 Stealth
 + Level 2.1 Shields


You had 5 spell levels left.
You didn't know any spells.
Your spell library was empty.

Dungeon Overview and Level Annotations

Branches:
Dungeon (4/15)
 Temple: D:4-7

Altars:
Okawaru
Trog
Xom


Innate Abilities, Weirdness & Mutations

You are immune to sickness and miasma.
Your stone body is resilient. (AC +4)
You are immune to poison.
You resist negative energy. (rN+)
You are resistant to electric shocks. (rElec)
You are resistant to unholy torment.
You are immune to petrification.


Message History

You closely miss the ball python.
The ball python bites you but does no damage.
The ball python constricts you.
The ball python bites you but does no damage.
The ball python constricts you.
You barely miss the ball python. You block the jelly's attack.
The ball python bites you but does no damage.
The ball python constricts you. The jelly barely misses you.
The ball python bites you. The ball python constricts you.
You closely miss the ball python.
The ball python bites you but does no damage.
The ball python constricts you. The jelly hits you. The acid corrodes you!
You are splashed with acid!
The ball python bites you but does no damage.
The ball python constricts you. The jelly hits you but does no damage.
You hit the ball python but do no damage.
The ball python bites you but does no damage.
The ball python constricts you. The jelly hits you but does no damage.
The ball python bites you. The ball python constricts you.
You escape the ball python's grasp.
The jelly closely misses you.
You climb upwards.
There is a stone staircase leading down here.
You barely miss the ball python. The ball python closely misses you.
The ball python grabs you. The ball python constricts you.
You block the jelly's attack.
The ball python bites you but does no damage.
The ball python constricts you. The jelly hits you.
You are splashed with acid!
You thump the ball python!
You kill the ball python!
Trog accepts your kill. The jelly hits you but does no damage.
You block the jelly's attack.
You sock the jelly!
Your hands burn!
The jelly is heavily wounded.
The jelly hits you but does no damage. The jelly hits you.
* * * LOW HITPOINT WARNING * * *
You are splashed with acid!
* * * LOW HITPOINT WARNING * * *
You hit the jelly.
Your hands burn!
You die...

..#####....bb.#.###..<##.#
##...###.###....# #..###.#
##.............####).# #.#
##....#.######.......###.#
#......# #####..)..#)####
#...#..# ###[.##.....g##
#:..#..########.[..####.##..##
##...#..).....##.#.####..###.J##
.####..##......>@..###..##
##..## ...#..###.......J..##g.##
##... ##...## #..........##.##
###. .....## #.........)##.#
###. ####..# #..........##.#
#... # ##.###..........##.# #)##
# #..##..........##.# #.# #
##..÷:.........##.# #)#
####..........##.# ##)#


You could see a jelly.

Vanquished Creatures
  An ogre (D:3)
  2 orc priests
  Crazy Yiuf (D:3)
  A hound (D:3)
  An orc wizard (D:3)
  Robin (D:3)
  2 adders
  4 orcs
  6 ball pythons
  4 bats
  4 endoplasms
  A giant cockroach (D:2)
  7 hobgoblins
  7 jackals (D:2)
  4 kobolds
  2 quokkas
  2 frilled lizards (D:1)
  13 goblins
  6 rats
  A butterfly (D:3)
70 creatures vanquished.

Notes
Turn   | Place    | Note
-------+----------+-------------------------------------------
     0 | D:1      | daervis the Gargoyle Berserker began the quest for the Orb.
     0 | D:1      | Reached XP level 1. HP: 14/14 MP: 1/1
   242 | D:1      | Reached XP level 2. HP: 19/19 MP: 2/2
  1103 | D:2      | Found an iron altar of Okawaru.
  1414 | D:2      | Reached XP level 3. HP: 24/24 MP: 3/3
  1430 | D:3      | Noticed an ogre
  1487 | D:2      | Reached ** piety under Trog
  1488 | D:2      | Reached XP level 4. HP: 18/29 MP: 4/4
  2639 | D:3      | Killed an ogre
  2640 | D:3      | Reached skill level 1 in Shields
  2640 | D:3      | Reached XP level 5. HP: 33/33 MP: 5/5
  2822 | D:3      | Reached XP level 6. HP: 11/39 MP: 6/6
  2843 | D:3      | Noticed Robin
  2865 | D:3      | HP: 1/39 [Robin/goblin (3)]
  2914 | D:3      | HP: 1/39 [Robin (1)]
  2916 | D:3      | Killed Robin
  3509 | D:3      | Found a bloodstained altar of Trog.
  3541 | D:3      | Found a shimmering altar of Xom.
  3721 | D:3      | Found a runed translucent door.
  3722 | D:3      | Noticed Crazy Yiuf
  3728 | D:3      | Killed Crazy Yiuf
  3884 | D:3      | HP: 1/39 [acid (8)]
  3885 | D:3      | Splashed by a jelly's acid

Illustrated notes

Levels and vault maps discovered:
D:1:      dpeg_arrival_connections, layout_basic,
          dreamdust_ecumenical_altar_statues
D:2:      layout_loops_ring, basic_altar
D:3:      layout_rooms, bloody_trog, xom_butterflies, uniq_robin,
          uniq_crazy_yiuf_cottage
D:4:      layout_cave_pools, lemuel_round_altar, ebering_ghost_disaster_area

Skill      XL: |  1  2  3  4  5 |
---------------+----------------+-----
Axes           | 3 4 |  4.9
Fighting       | 4 |  4.4
Armour         | 3 |  3.6
Shields        | 1 2 |  2.1
Dodging        | |  1.5
Stealth        | |  0.5

Action                   |  1- 3 |  4- 6 || total
-------------------------+-------+-------++-------
Melee: Hand axe          |    72 |   138 ||   210
       Mace              |       |    18 ||    18
Invok: Berserk           |       |     3 ||     3
Armor: Leather armour    |    21 |    24 ||    45
       Animal skin       |     1 |       ||     1
       Ring mail         |       |    56 ||    56
Dodge: Dodged            |    30 |    49 ||    79
Block: Kite shield       |    22 |    73 ||    95
